 Dungeon Crawl Stone Soup version 0.20.0-9-g8272e65 (webtiles) character file.

1460 Chiseanne the Fighter (level 8, -7/83 HPs)
             Began as a Minotaur Fighter on June 3, 2017.
             Mangled by an orc warrior
             ... wielding a +0 halberd
              (19 damage)
             ... on level 6 of the Dungeon.
             The game lasted 00:06:31 (3600 turns).

Chiseanne the Fighter (Minotaur Fighter)            Turns: 3600, Time: 00:06:31

Health: -7/83      AC:  8    Str: 26    XL:     8   Next: 48%
Magic:  13/13      EV: 10    Int:  5    God:
Gold:   311        SH: 12    Dex: 11    Spells: 6/7 levels left

rFire    . . .     SeeInvis .   a - +1 war axe
rCold    . . .     Gourm    .   c - +1 shield
rNeg     . . .     Faith    .   b - +0 scale mail
rPois    .         Spirit   .   (helmet restricted)
rElec    .         Reflect  .   I - +0 cloak
rCorr    .         Harm     .   (no gloves)
MR       .....                  (no boots)
Stlth    ..........             (no amulet)
Regen    0.3/turn               e - +4 ring of strength
MPRegen  0.2/turn               (no ring)

@: no status effects
A: retaliatory headbutt, horns 2
a: no special abilities


You were on level 6 of the Dungeon.
You were not hungry.

You visited 1 branch of the dungeon, and saw 6 of its levels.

You collected 311 gold pieces.

Inventory:

Hand Weapons
 a - a +1 war axe (weapon)
Missiles
 h - 27 sling bullets
 j - 66 bolts
 o - 90 arrows
 p - 175 stones (quivered)
 s - 5 tomahawks
 w - 20 poisoned needles
Armour
 b - a +0 scale mail (worn)
 c - a +1 shield (worn)
 I - a +0 cloak (worn)
Jewellery
 e - a +4 ring of strength (left hand)
 x - the amulet of the Air {Inacc +Fly rElec EV+5 RMsl}
   (You found it on level 4 of the Dungeon)

   [amulet of inaccuracy]

   It reduces the accuracy of all your attacks.
   It affects your evasion (+5).
   It insulates you from electricity.
   It lets you fly.
   It protects you from missiles.
Wands
 u - a wand of polymorph (10/24)
 y - a wand of flame (34/48)
 z - a wand of confusion (27/48)
 J - a wand of enslavement (12/24)
Scrolls
 g - 2 scrolls of teleportation
 n - a scroll of fog
 r - a scroll of enchant weapon
 B - 2 scrolls of enchant armour
 C - a scroll of magic mapping
 H - 2 scrolls of remove curse
Potions
 d - a potion of might
 q - a potion of curing
 t - a potion of agility {unknown}
 v - a potion of heal wounds {unknown}
 A - 2 potions of flight
 D - a potion of brilliance {unknown}
Comestibles
 f - 5 bread rations
 i - 8 royal jellies
 k - a chunk of flesh
 m - 3 meat rations


   Skills:
 - Level 11.6 Fighting
 * Level 4.6 Axes
 * Level 5.7 Armour
 * Level 4.0 Dodging
 * Level 5.9 Shields
   Level 8.8 Invocations


You had 6 spell levels left.
You knew the following spells:

 Your Spells              Type           Power        Failure   Level  Hunger
a - Apportation           Tloc           #.....       98%         1    ##.....


Dungeon Overview and Level Annotations

Branches:
Dungeon (6/15)
 Temple: D:4-7

Altars:
The Shining One


Innate Abilities, Weirdness & Mutations

You reflexively headbutt those who attack you in melee.
You have a pair of horns on your head.


Message History

You are too injured to fight recklessly!
You are too injured to fight recklessly!
You are too injured to fight recklessly!
You are too injured to fight recklessly!
You are too injured to fight recklessly!
You are too injured to fight recklessly!
You are too injured to fight recklessly!
You are too injured to fight recklessly!
You are too injured to fight recklessly!
You are too injured to fight recklessly!
You are too injured to fight recklessly!
You are too injured to fight recklessly!
You closely miss the orc warrior. Your headbutt misses the orc warrior.
The orc warrior is lightly wounded.
The orc warrior hits you with a halberd!!
* * * LOW HITPOINT WARNING * * *
You closely miss the orc warrior.
The orc warrior is lightly wounded.
The orc warrior hits you with a halberd!!
You die...

... ...## #.......? #
#..# ##........ # #.##
#......... # #..####
#......... #
#.....###......... ####
#.#.#..##.........
...####.................
......#.#.#.##..@o......
#.###.......##.)).......
#.# ####....#...........
#.## #####..............
#..###..####.##.........
#..##.....##.##.........
#..##.....#..###........
#........w...>##........
..##......#....#


You could see an orc warrior.

Vanquished Creatures
  A black bear (D:6)
  Blork the orc (D:4)
  2 scorpions
  2 crimson imps (D:5)
  2 hounds (D:5)
  3 orc priests
  Natasha (twice) (D:4)
  2 iguanas (D:4)
  Ijyb (D:4)
  A worker ant (D:5)
  An orc wizard (D:3)
  A hound zombie (D:5)
  A hound skeleton (D:4)
  7 adders
  4 oozes
  6 worms
  A dart slug (D:2)
  2 leopard geckos (D:4)
  16 orcs
  5 bats
  4 giant cockroaches
  5 goblins
  10 hobgoblins
  4 jackals (D:3)
  5 kobolds
  2 ball pythons
  3 frilled lizards
  A jackal skeleton (D:4)
  A leopard gecko skeleton (D:4)
  A quokka skeleton (D:5)
  10 rats
107 creatures vanquished.

Notes
Turn   | Place    | Note
-------+----------+-------------------------------------------
     0 | D:1      | Chiseanne the Minotaur Fighter began the quest for the Orb.
     0 | D:1      | Reached XP level 1. HP: 19/19 MP: 0/0
   265 | D:1      | Reached XP level 2. HP: 24/27 MP: 1/1
   474 | D:1      | Reached skill level 4 in Fighting
   727 | D:2      | Reached skill level 1 in Dodging
   727 | D:2      | Reached XP level 3. HP: 33/33 MP: 2/2
  1086 | D:2      | Found a faded altar of an unknown god.
  1153 | D:2      | Reached XP level 4. HP: 34/40 MP: 3/3
  1291 | D:2      | Found a glowing golden altar of the Shining One.
  1529 | D:3      | Reached XP level 5. HP: 36/46 MP: 4/4
  1962 | D:4      | Noticed Ijyb
  1969 | D:4      | Killed Ijyb
  1969 | D:4      | Reached skill level 5 in Shields
  1987 | D:4      | Reached XP level 6. HP: 55/55 MP: 5/5
  2142 | D:4      | Reached skill level 5 in Fighting
  2228 | D:4      | Noticed Blork the orc
  2238 | D:4      | Killed Blork the orc
  2238 | D:4      | Reached skill level 5 in Armour
  2427 | D:4      | Noticed Natasha
  2432 | D:4      | Killed Natasha
  2697 | D:4      | Noticed Natasha
  2701 | D:4      | Killed Natasha
  2701 | D:4      | Reached XP level 7. HP: 61/61 MP: 6/6
  2733 | D:5      | Entered Level 5 of the Dungeon
  2955 | D:5      | Reached skill level 11 in Fighting
  2955 | D:5      | Reached XP level 8. HP: 83/83 MP: 6/13
  3429 | D:5      | Learned a level 1 spell: Apportation
  3600 | D:6      | Mangled by an orc warrior

Skill      XL: |  1  2  3  4  5  6  7  8 |
---------------+-------------------------+-----
Fighting       | 4 5 11 | 11.6
Shields        | 4 5 |  5.9
Dodging        | 1 2 3 4 |  4.0
Armour         | 4 5 |  5.7
Axes           | 3 4 |  4.6
Invocations    | 8 |  8.8

Action                   |  1- 3 |  4- 6 |  7- 9 || total
-------------------------+-------+-------+-------++-------
Melee: War axe           |    65 |   128 |    48 ||   241
       Headbutt          |    15 |    22 |    12 ||    49
  Use: Scroll            |     6 |       |     9 ||    15
       Potion            |       |       |     1 ||     1
  Eat: Chunk             |       |     6 |     3 ||     9
Armor: Scale mail        |    32 |    36 |    12 ||    80
Dodge: Dodged            |    16 |    31 |    20 ||    67
Block: Shield            |    45 |    54 |    27 ||   126
